 Dungeon Crawl Stone Soup version 0.20.0-10-g0535bb4 (webtiles) character file.

651 tof the Bolt Thrower (level 7, 22/60 HPs)
             Began as a Centaur Hunter on June 7, 2017.
             Quit the game on level 4 of the Dungeon.
             The game lasted 00:08:04 (4686 turns).

tof the Bolt Thrower (Centaur Hunter)               Turns: 4686, Time: 00:08:05

Health: 22/60      AC:  5    Str: 15    XL:     7   Next: 28%
Magic:  7/7        EV: 10    Int: 10    God:
Gold:   175        SH:  0    Dex: 11    Spells: 6/6 levels left

rFire    . . .     SeeInvis +   a - +1 hand crossbow
rCold    . . .     Gourm    .   (no shield)
rNeg     . . .     Faith    .   c - +0 leather armour
rPois    .         Spirit   .   (no helmet)
rElec    .         Reflect  .   j - +0 cloak
rCorr    .         Harm     .   (no gloves)
MR       .....                  (no barding)
Stlth    +.........             (no amulet)
Regen    0.2/turn               v - ring of see invisible
MPRegen  0.1/turn               p - ring of flight (curse)

@: lethally poisoned (22 -> -11), very quick
A: hooves 3, deformed body, speed 2, tough skin 3
a: Evoke Flight


You were on level 4 of the Dungeon.
You were not hungry.

You visited 1 branch of the dungeon, and saw 5 of its levels.

You collected 175 gold pieces.

Inventory:

Hand Weapons
 a - a +1 hand crossbow (weapon)
 b - a +0 short sword
Missiles
 d - 11 bolts (quivered)
Armour
 c - a +0 leather armour (worn)
 j - a +0 cloak (worn)
Jewellery
 n - an uncursed ring of fire
 p - a cursed ring of flight (right hand)
 s - a +3 ring of intelligence
 v - a ring of see invisible (left hand)
Scrolls
 h - a scroll of teleportation
 i - 2 scrolls of fog
 m - a scroll of remove curse
 o - a scroll of immolation
 u - a scroll of enchant armour
Potions
 k - a potion of flight
 r - 2 potions of brilliance {unknown}
 t - a potion of lignification {unknown}
Comestibles
 f - 6 bread rations
 l - a meat ration


   Skills:
 + Level 4.4 Fighting
 * Level 7.5 Crossbows
 + Level 3.2 Dodging
 - Level 0.4 Stealth


You had 6 spell levels left.
You didn't know any spells.

Dungeon Overview and Level Annotations

Branches:
Dungeon (5/15)
 Temple: D:4-7

Altars:
Nemelex Xobeh

Annotations:
D:4 Dowan, Duvessa


Innate Abilities, Weirdness & Mutations

You have hooves in place of feet.
Armour fits poorly on your strangely shaped body.
You cover ground very quickly.
You have extremely tough skin. (AC +3)


Message History

You are too injured to fight recklessly!
You are too injured to fight recklessly!
You are too injured to fight recklessly!
You are too injured to fight recklessly!
You are too injured to fight recklessly!
You are too injured to fight recklessly!
You are too injured to fight recklessly!
You are too injured to fight recklessly!
You are too injured to fight recklessly!
You are too injured to fight recklessly!
You are too injured to fight recklessly!
Unknown command.
You feel very sick. Dowan hits you but does no damage.
Duvessa says, "My weaknesses are his strengths!"
Duvessa barely misses you.
You climb upwards.
You feel very sick.
There is a stone staircase leading down here.
Are you sure you want to abandon this character and quit the game? (Confirm with "yes".)

#....#.##.####.####..#
#.##.#...............#
#.##########.##......#
#....# #.##.######
########.#######....#
#......#......#######
#......#..###.#
#......#..# #.#######
#......#..# #..e@e..#
#......'..#########.#
#......#.##.........#
#......#.##.#########
#......#.##.#
########.##.# #.##.#
#...<# ######


You could see Duvessa and Dowan.

Vanquished Creatures
  The ghost of ThereIsNoGod the Cudgeler, a novice GrFi (D:4)
  A howler monkey (D:4)
  An orc priest (D:3)
  A centaur skeleton (D:5)
  2 iguanas (D:4)
  An orc wizard (D:3)
  3 worker ants (D:4)
  A howler monkey skeleton (D:4)
  7 adders
  A shadow imp (D:5)
  A worm (D:3)
  2 dart slugs (D:2)
  19 orcs
  A ball python (D:3)
  8 bats
  2 giant cockroaches (D:1)
  9 goblins
  6 hobgoblins
  7 kobolds
  6 frilled lizards
  4 rats
84 creatures vanquished.

Notes
Turn   | Place    | Note
-------+----------+-------------------------------------------
     0 | D:1      | tof the Centaur Hunter began the quest for the Orb.
     0 | D:1      | Reached XP level 1. HP: 17/17 MP: 1/1
   169 | D:1      | Reached XP level 2. HP: 24/24 MP: 2/2
   753 | D:2      | Reached XP level 3. HP: 19/30 MP: 3/3
  1331 | D:2      | Reached skill level 5 in Crossbows
  2137 | D:3      | Reached XP level 4. HP: 19/38 MP: 4/4
  2728 | D:3      | Reached XP level 5. HP: 27/45 MP: 5/5
  3456 | D:4      | Reached skill level 6 in Crossbows
  3647 | D:4      | Reached XP level 6. HP: 52/52 MP: 6/6
  3777 | D:4      | Noticed ThereIsNoGod's ghost (novice GrFi)
  3789 | D:4      | Killed ThereIsNoGod's ghost
  3789 | D:4      | Reached skill level 7 in Crossbows
  3789 | D:4      | Reached XP level 7. HP: 48/60 MP: 7/7
  4267 | D:4      | Found a sparkling altar of Nemelex Xobeh.
  4412 | D:5      | Entered Level 5 of the Dungeon
  4429 | D:5      | Noticed Duvessa
  4429 | D:5      | Noticed Dowan
  4686 | D:4      | Quit the game

Skill      XL: |  1  2  3  4  5  6 |
---------------+-------------------+-----
Dodging        | 2 3 |  3.2
Crossbows      | 5 6 7 |  7.5
Fighting       | 3 4 |  4.4
Stealth        | |  0.4

Action                   |  1- 3 |  4- 6 |  7- 9 || total
-------------------------+-------+-------+-------++-------
Melee: Short sword       |    60 |    98 |    24 ||   182
       Kick              |    11 |    19 |    10 ||    40
 Fire: Hand crossbow     |    61 |    61 |    20 ||   142
  Use: Scroll            |     4 |       |     1 ||     5
       Potion            |       |       |     3 ||     3
  Eat: Chunk             |     2 |     5 |     2 ||     9
Armor: Leather armour    |    29 |    41 |     6 ||    76
Dodge: Dodged            |    32 |    77 |    18 ||   127
